General information
- name: BNet
- type: Ladder team game (AT/RT)
- host: Battle.net
- saver: TESTIFY-NOW
map: GolemsInTheMist
- players: 8
- length: 15:33
- speed: Fast
- version: 1.26 W3XP
- replay type: Public
» download(116 KB)
Players
team 1 (winner)
Wolstenholme (
red | 63 APM | 987 actions | 15:32)
4 Death Knight
2 Death Coil
2 Unholy Aura
3 Crypt Lord
1 Impale
2 Spiked Carapace
» actions
| Assign group hotkey | 26 | |
| Basic commands | 112 | |
| Build / train | 57 | |
| Enter build submenu | 16 | |
| Enter hero's abilities submenu | 7 | |
| Right click | 181 | |
| Select / deselect | 144 | |
| Select group hotkey | 389 | |
| Use ability | 55 | |
987 total
» units
| Acolyte | 2 | |
| Ghoul | 7 | |
| Crypt Fiend | 18 | |
| Frost Wyrm | 3 | |
30 total
» upgrades
| Creature Attack | 2 | |
| Creature Carapace | 1 | |
| Web | 1 | |
4 total
» buildings
| Ziggurat | 8 | |
| Crypt | 1 | |
| Graveyard | 1 | |
| Altar of Darkness | 1 | |
| Nerubian Tower | 1 | |
| Tomb of Relics | 1 | |
| Halls of the Dead | 1 | |
| Black Citadel | 2 | |
| Sacrificial Pit | 1 | |
| Boneyard | 2 | |
19 total
» build order
00:13 Ziggurat
00:17 Crypt
00:20 Ziggurat
00:43 Graveyard
00:56 Altar of Darkness
01:13 Ziggurat
01:38 Nerubian Tower
02:10 Tomb of Relics
03:41 Halls of the Dead
05:03 Ziggurat
05:06 Ziggurat
06:14 Black Citadel
06:14 Black Citadel
07:48 Sacrificial Pit
08:01 Ziggurat
09:45 Boneyard
10:06 Boneyard
10:26 Ziggurat
13:11 Ziggurat
» items
| Rod of Necromancy | 4 | |
| Dust of Appearance | 1 | |
| Scroll of Town Portal | 3 | |
8 total

»
ashikandy (
blue | 93 APM | 1449 actions | 15:32)
4 Death Knight
2 Death Coil
2 Unholy Aura
3 Lich
2 Frost Nova
1 Frost Armor
» actions
| Assign group hotkey | 37 | |
| Basic commands | 1 | |
| Build / train | 44 | |
| Enter build submenu | 16 | |
| Enter hero's abilities submenu | 7 | |
| Give item / drop item | 6 | |
| Remove unit from queue | 1 | |
| Right click | 771 | |
| Select / deselect | 185 | |
| Select group hotkey | 337 | |
| Use ability | 44 | |
1449 total
» units
| Acolyte | 3 | |
| Ghoul | 4 | |
| Crypt Fiend | 4 | |
| Obsidian Statue | 2 | |
| Frost Wyrm | 5 | |
18 total
» upgrades
| Web | 1 | |
| Creature Attack | 2 | |
| Creature Carapace | 1 | |
4 total
» buildings
| Crypt | 1 | |
| Graveyard | 1 | |
| Ziggurat | 6 | |
| Altar of Darkness | 1 | |
| Nerubian Tower | 1 | |
| Tomb of Relics | 1 | |
| Halls of the Dead | 1 | |
| Spirit Tower | 1 | |
| Black Citadel | 1 | |
| Slaughterhouse | 1 | |
| Sacrificial Pit | 1 | |
| Boneyard | 2 | |
18 total
» build order
00:09 Crypt
00:23 Graveyard
00:46 Ziggurat
01:06 Altar of Darkness
01:40 Nerubian Tower
02:18 Tomb of Relics
02:34 Ziggurat
03:42 Halls of the Dead
04:42 Ziggurat
05:35 Spirit Tower
06:36 Black Citadel
06:39 Ziggurat
07:22 Slaughterhouse
07:27 Ziggurat
08:09 Sacrificial Pit
09:00 Boneyard
09:25 Boneyard
12:03 Ziggurat
» items
| Rod of Necromancy | 1 | |
| Dust of Appearance | 1 | |
| Orb of Corruption | 1 | |
| Potion of Healing | 1 | |
4 total

»
Chronabis (
purple | 92 APM | 1429 actions | 15:32)
4 Blademaster
2 Wind Walk
2 Critical Strike
2 Shadow Hunter
1 Hex
1 Healing Wave
» actions
| Assign group hotkey | 25 | |
| Basic commands | 6 | |
| Build / train | 47 | |
| Enter build submenu | 23 | |
| Enter hero's abilities submenu | 6 | |
| Give item / drop item | 4 | |
| Remove unit from queue | 2 | |
| Right click | 617 | |
| Select / deselect | 271 | |
| Select group hotkey | 357 | |
| Use ability | 71 | |
1429 total
» units
| Peon | 6 | |
| Grunt | 4 | |
| Goblin Shredder | 3 | |
| Tauren | 4 | |
| Shaman | 6 | |
23 total
» upgrades
| Shaman Training | 2 | |
| Pulverize | 1 | |
| Melee Weapons | 1 | |
| Reinforced Defenses | 1 | |
5 total
» buildings
| Altar of Storms | 1 | |
| Orc Burrow | 9 | |
| Barracks | 1 | |
| Stronghold | 1 | |
| War Mill | 1 | |
| Voodoo Lounge | 1 | |
| Fortress | 1 | |
| Spirit Lodge | 1 | |
| Tauren Totem | 2 | |
| Great Hall | 1 | |
| Watch Tower | 3 | |
22 total
» build order
00:08 Altar of Storms
00:15 Orc Burrow
01:06 Barracks
01:27 Orc Burrow
02:43 Stronghold
04:36 War Mill
04:42 Voodoo Lounge
05:22 Fortress
05:45 Orc Burrow
05:49 Orc Burrow
06:15 Spirit Lodge
07:51 Tauren Totem
07:52 Tauren Totem
11:09 Orc Burrow
11:12 Great Hall
11:30 Watch Tower
12:10 Orc Burrow
12:12 Orc Burrow
12:25 Watch Tower
12:40 Watch Tower
15:21 Orc Burrow
15:22 Orc Burrow
» items
| Rod of Necromancy | 1 | |
| Healing Salve | 3 | |
| Lesser Clarity Potion | 1 | |
| Scroll of Town Portal | 1 | |
| Orb of Lightning | 1 | |
7 total
TESTIFY-NOW (
green | 63 APM | 982 actions | 15:33)
3 Blademaster
2 Wind Walk
1 Critical Strike
3 Shadow Hunter
2 Hex
1 Healing Wave
» actions
| Assign group hotkey | 56 | |
| Basic commands | 2 | |
| Build / train | 42 | |
| Enter build submenu | 11 | |
| Enter hero's abilities submenu | 6 | |
| Remove unit from queue | 1 | |
| Right click | 357 | |
| Select / deselect | 126 | |
| Select group hotkey | 321 | |
| Use ability | 60 | |
982 total
» units
| Peon | 8 | |
| Wind Rider | 6 | |
| Goblin Shredder | 1 | |
| Goblin Zeppelin | 1 | |
| Raider | 2 | |
18 total
» upgrades
| Ranged Weapons | 2 | |
| Ensnare | 1 | |
| Envenomed Spears | 1 | |
| Reinforced Defenses | 1 | |
5 total
» buildings
| Altar of Storms | 1 | |
| Orc Burrow | 7 | |
| Voodoo Lounge | 1 | |
| Stronghold | 2 | |
| War Mill | 1 | |
| Beastiary | 2 | |
| Fortress | 1 | |
| Great Hall | 1 | |
| Watch Tower | 4 | |
20 total
» build order
00:12 Altar of Storms
00:22 Orc Burrow
01:18 Voodoo Lounge
02:11 Stronghold
02:38 War Mill
02:56 Orc Burrow
02:57 Orc Burrow
02:58 Orc Burrow
05:03 Beastiary
05:04 Beastiary
05:15 Orc Burrow
07:50 Fortress
08:45 Great Hall
08:48 Watch Tower
08:49 Watch Tower
08:49 Watch Tower
08:52 Watch Tower
12:42 Orc Burrow
12:42 Orc Burrow
» items
| Healing Salve | 2 | |
| Lesser Clarity Potion | 2 | |
| Scroll of Speed | 1 | |
| Scroll of Town Portal | 1 | |
6 total
team 2 (loser)

»
shotgun.vagg (
yellow | 42 APM | 634 actions | 14:58)
2 Death Knight
1 Death Coil
1 Unholy Aura
1 Lich
1 Frost Nova
» actions
| Build / train | 36 | |
| Enter build submenu | 19 | |
| Enter hero's abilities submenu | 3 | |
| Right click | 318 | |
| Select / deselect | 216 | |
| Use ability | 42 | |
634 total
» units
| Acolyte | 7 | |
| Ghoul | 5 | |
| Crypt Fiend | 6 | |
| Frost Wyrm | 3 | |
21 total
» upgrades
| Creature Attack | 2 | |
| Creature Carapace | 1 | |
| Web | 1 | |
4 total
» buildings
| Graveyard | 1 | |
| Crypt | 1 | |
| Ziggurat | 9 | |
| Altar of Darkness | 1 | |
| Nerubian Tower | 1 | |
| Tomb of Relics | 1 | |
| Halls of the Dead | 1 | |
| Black Citadel | 1 | |
| Sacrificial Pit | 2 | |
| Necropolis | 1 | |
| Boneyard | 2 | |
| Spirit Tower | 2 | |
23 total
» build order
00:11 Graveyard
00:17 Crypt
00:53 Ziggurat
01:02 Altar of Darkness
01:48 Nerubian Tower
02:01 Ziggurat
02:36 Tomb of Relics
04:01 Ziggurat
04:33 Halls of the Dead
05:10 Ziggurat
08:37 Black Citadel
09:00 Sacrificial Pit
09:14 Ziggurat
10:31 Ziggurat
11:02 Ziggurat
11:04 Ziggurat
11:10 Ziggurat
11:13 Necropolis
11:23 Boneyard
12:01 Sacrificial Pit
12:03 Spirit Tower
12:05 Spirit Tower
12:58 Boneyard
» items
pepsiname (
teal | 66 APM | 983 actions | 14:55)
3 Lich
2 Frost Nova
1 Dark Ritual
» actions
| Build / train | 72 | |
| Enter build submenu | 15 | |
| Enter hero's abilities submenu | 3 | |
| Right click | 490 | |
| Select / deselect | 348 | |
| Use ability | 55 | |
983 total
» units
| Acolyte | 10 | |
| Ghoul | 10 | |
| Crypt Fiend | 25 | |
45 total
» upgrades
| Creature Carapace | 2 | |
| Creature Attack | 2 | |
| Web | 1 | |
| Burrow | 1 | |
6 total
» buildings
| Altar of Darkness | 1 | |
| Ziggurat | 6 | |
| Graveyard | 2 | |
| Crypt | 2 | |
| Nerubian Tower | 5 | |
| Tomb of Relics | 1 | |
| Halls of the Dead | 2 | |
| Black Citadel | 4 | |
23 total
» build order
00:11 Altar of Darkness
00:11 Ziggurat
01:05 Graveyard
01:07 Crypt
01:24 Ziggurat
01:39 Nerubian Tower
02:26 Ziggurat
02:49 Tomb of Relics
03:08 Crypt
04:59 Nerubian Tower
05:00 Nerubian Tower
05:04 Ziggurat
06:25 Ziggurat
09:02 Halls of the Dead
09:02 Halls of the Dead
11:23 Black Citadel
11:23 Black Citadel
11:23 Black Citadel
12:46 Ziggurat
12:47 Nerubian Tower
12:50 Nerubian Tower
13:13 Graveyard
» items
| Potion of Healing | 1 | |
| Scroll of Town Portal | 2 | |
| Potion of Mana | 1 | |
| Orb of Corruption | 1 | |
5 total
JodyHighroller (
orange | 50 APM | 746 actions | 14:48)
2 Mountain King
1 Storm Bolt
1 Bash
1 Paladin
1 Holy Light
» actions
| Build / train | 49 | |
| Enter build submenu | 26 | |
| Enter hero's abilities submenu | 3 | |
| Right click | 409 | |
| Select / deselect | 219 | |
| Use ability | 40 | |
746 total
» units
| Peasant | 10 | |
| Footman | 2 | |
| Rifleman | 3 | |
| Mortar Team | 9 | |
| Priest | 7 | |
31 total
» upgrades
| Gunpowder | 2 | |
| Armor | 2 | |
| Priest Training | 1 | |
5 total
» buildings
| Altar of Kings | 1 | |
| Farm | 10 | |
| Barracks | 1 | |
| Scout Tower | 4 | |
| Arcane Tower | 3 | |
| Blacksmith | 1 | |
| Keep | 2 | |
| Workshop | 1 | |
| Arcane Sanctum | 1 | |
| Lumber Mill | 1 | |
| Cannon Tower | 1 | |
| Arcane Vault | 1 | |
27 total
» build order
00:08 Altar of Kings
00:12 Farm
01:17 Farm
01:30 Barracks
01:48 Scout Tower
01:58 Scout Tower
02:25 Arcane Tower
02:26 Arcane Tower
02:46 Blacksmith
03:34 Keep
04:13 Farm
06:05 Workshop
07:17 Arcane Sanctum
07:24 Farm
07:28 Farm
08:16 Farm
08:19 Farm
10:04 Scout Tower
10:07 Farm
10:18 Lumber Mill
10:38 Arcane Tower
10:41 Scout Tower
11:21 Cannon Tower
11:24 Farm
13:21 Farm
13:58 Arcane Vault

»
2icer (
pink | 32 APM | 497 actions | 15:32)
1 Blademaster
1 Wind Walk
» actions
| Assign group hotkey | 3 | |
| Basic commands | 1 | |
| Build / train | 34 | |
| Enter build submenu | 23 | |
| Enter hero's abilities submenu | 1 | |
| Right click | 251 | |
| Select / deselect | 140 | |
| Select group hotkey | 2 | |
| Use ability | 42 | |
497 total
» units
» upgrades
| Melee Weapons | 1 | |
| Armor | 1 | |
| Spiked Barricades | 1 | |
| Berserker Strength | 1 | |
4 total
» buildings
| Orc Burrow | 8 | |
| Altar of Storms | 1 | |
| War Mill | 1 | |
| Barracks | 2 | |
| Voodoo Lounge | 1 | |
| Watch Tower | 4 | |
| Stronghold | 1 | |
| Fortress | 1 | |
| Spirit Lodge | 1 | |
20 total
» build order
00:08 Orc Burrow
00:15 Altar of Storms
01:22 War Mill
01:33 Orc Burrow
02:25 Barracks
02:37 Voodoo Lounge
03:26 Watch Tower
04:16 Orc Burrow
05:23 Orc Burrow
05:33 Watch Tower
06:59 Watch Tower
07:30 Barracks
09:07 Orc Burrow
09:59 Stronghold
10:12 Orc Burrow
12:38 Fortress
12:49 Orc Burrow
13:01 Spirit Lodge
14:40 Watch Tower
14:52 Orc Burrow
» items
| Healing Salve | 2 | |
| Lesser Clarity Potion | 1 | |
| Scroll of Speed | 2 | |
| Potion of Healing | 1 | |
6 total
Chat log
(00:39 / Allies) Wolstenholme: ty
(00:42 / Allies) Chronabis: np
(00:55 / Allies) Chronabis: bm harass see what they up to
(00:59 / Allies) Chronabis: you want shredder red?
(01:04 / Allies) Wolstenholme: \
(01:06 / Allies) Wolstenholme: nah
(01:10 / Allies) Chronabis: k
(01:29 / Allies) TESTIFY-NOW: look at their communication blue. boy do i envy them
(01:53 / Allies) ashikandy: give me 100 gold i will do the same
(01:56 / Allies) Chronabis: im just drunk so i talk more =D
(01:56 / Allies) ashikandy: :)
(04:29 / All) TESTIFY-NOW: nigger hacker
(04:37 / All) TESTIFY-NOW: LOL
(04:41 / All) TESTIFY-NOW: u didnt evne try to hide it
(05:55 / All) TESTIFY-NOW: so u faggots gonna support a hacker on ur team in pink?
(06:06 / All) pepsiname: yes?
(06:08 / All) pepsiname: lol
(06:08 / All) JodyHighroller: of course
(06:10 / All) pepsiname: jk
(08:25 / All) shotgun.vagg: and ur team doesnt hack?
(08:32 / All) Chronabis: nope
(08:37 / Allies) Chronabis: u take
(08:39 / All) TESTIFY-NOW: i had definite proof pink did tho
(09:04 / Allies) Chronabis: hero focus
(09:31 / Allies) Wolstenholme: out
(10:37 / Allies) Wolstenholme: purp comebot
(10:39 / Allies) ashikandy: thx for the lumber
(10:49 / Allies) Wolstenholme: u guys go top
(11:01 / Allies) TESTIFY-NOW: gogo
(11:32 / Allies) Wolstenholme: green lol
(11:34 / Allies) Wolstenholme: where u going
(12:11 / Allies) TESTIFY-NOW: repair moron
(12:12 / Allies) TESTIFY-NOW: jeesus
(12:13 / Allies) TESTIFY-NOW: u saw them coming
(12:48 / Allies) TESTIFY-NOW: who needs wodo
(12:53 / Allies) Chronabis: im good
(13:44 / Allies) Chronabis: burrow rape
(14:37 / Allies) Chronabis: gg
(15:25 / All) TESTIFY-NOW: once a noob always a noob hacke rpink
(15:31 / All) TESTIFY-NOW: go ahead and use ur disc hack